 Dungeon Crawl Stone Soup version 0.22-a0-858-g985ef60 (webtiles) character file.

35940 inc the Fighter (level 13, -7/103 HPs)
             Began as a Mummy Fire Elementalist on July 25, 2018.
             Was an Initiate of Gozag.
             Mangled by an ettin
             ... wielding a +0 dire flail
              (40 damage)
             ... on level 2 of the Orcish Mines on July 27, 2018.
             The game lasted 00:51:53 (25628 turns).

inc the Fighter (Mummy Fire Elementalist)          Turns: 25628, Time: 00:51:54

Health: -7/103     AC: 12    Str: 14    XL:     13   Next: 50%
Magic:  24/26      EV: 19    Int: 23    God:    Gozag
Gold:   1297       SH:  7    Dex: 13    Spells: 5/31 levels left

rFire    . . .     SeeInvis .   B - +4 scimitar (flame)
rCold    . . .     Gourm    .   E - +2 buckler
rNeg     + + +     Faith    .   w - +0 robe (curse)
rPois    ∞         Spirit   .   d - +0 helmet
rElec    .         Reflect  .   j - +2 cloak
rCorr    .         Harm     .   f - +2 pair of gloves {Str+3}
MR       +....                  p - +2 pair of boots
Stlth    ++........             v - amulet of the acrobat
HPRegen  0.27/turn              D - ring of Ekeetum {Fire Int+4}
MPRegen  0.20/turn              I - +2 ring of evasion

@: no status effects
A: no food or potions, fire vulnerability, cold resistance 1, negative energy
resistance 3, torment resistance, unbreathing, in touch with death 1
a: Potion Petition, Call Merchant, Bribe Branch, Renounce Religion


You were on level 2 of the Orcish Mines.
You worshipped Gozag.
Gozag was most pleased with you.
You were not hungry.

You visited 3 branches of the dungeon, and saw 17 of its levels.
You also visited: Sewer, Ossuary and Ice Cave.

You collected 3495 gold pieces.
You spent 448 gold pieces at shops.
You paid 1750 gold pieces to Gozag.

Inventory:

Hand Weapons
 b - a +0 short sword
 l - a +1 short sword of venom
 n - a +0 blowgun
 B - a +4 scimitar of flaming (weapon)
Missiles
 o - 52 poisoned needles
Armour
 a - a +0 robe
 d - a +0 helmet (worn)
 f - a +2 pair of gloves of strength (worn)
 j - a +2 cloak (worn)
 p - a +2 pair of boots (worn)
 w - a cursed +0 robe (worn)
 C - a +0 buckler
 E - a +2 buckler (worn)
Jewellery
 v - an amulet of the acrobat (around neck)
 D - the ring of Ekeetum (left hand) {Fire Int+4}
   (You found it on level 2 of the Lair of Beasts)

   [ring of fire]

   It enhances your fire magic.
   It affects your intelligence (+4).
   It protects you from fire.
   It makes you vulnerable to cold.
 I - a +2 ring of evasion (right hand)
Wands
 q - a wand of digging (32)
 r - a wand of paralysis (25)
 x - a wand of iceblast (7)
 y - a wand of disintegration (11)
 z - a wand of polymorph (9)
 A - a wand of acid (9)
Scrolls
 c - a scroll of magic mapping
 e - 10 scrolls of identify
 g - 6 scrolls of enchant weapon
 h - 3 scrolls of immolation
 i - 2 scrolls of remove curse
 k - a scroll of summoning
 m - 3 scrolls of enchant armour
 s - a scroll of fog
 t - 2 scrolls of noise
 u - a scroll of brand weapon
 G - 2 scrolls of amnesia
 H - a scroll of torment
 J - a scroll of vulnerability


   Skills:
 - Level 10.0 Fighting
 - Level 9.1 Dodging
 - Level 1.5 Stealth
 - Level 4.1 Shields
 - Level 9.7 Spellcasting
 + Level 9.9 Conjurations
 + Level 9.9 Fire Magic


You had 5 spell levels left.
You knew the following spells:

 Your Spells              Type           Power        Failure   Level  Hunger
a - Flame Tongue          Conj/Fire      #####        1%          1    N/A
b - Conjure Flame         Conj/Fire      ######..     1%          3    N/A
c - Sticky Flame          Conj/Fire      ######..     1%          4    N/A
d - Fireball              Conj/Fire      ######....   2%          5    N/A
e - Inner Flame           Hex/Fire       ######..     2%          3    N/A
f - Passwall              Tmut/Erth      ##......     9%          2    N/A
g - Iskenderun's Mystic   Conj           ######..     1%          4    N/A
h - Fulminant Prism       Conj/Hex       ####......   8%          4    N/A

Your spell library contained the following spells:

 Spells                   Type           Power        Failure   Level  Hunger
 Magic Dart               Conj           ####         1%          1    N/A
 Apportation              Tloc           ##....       6%          1    N/A
 Throw Flame              Conj/Fire      ######       1%          2    N/A
 Summon Small Mammal      Summ           ##..         6%          1    N/A
 Animate Skeleton         Necr           N/A          6%          1    N/A
 Stone Arrow              Conj/Erth      ####..       2%          3    N/A
 Confusing Touch          Hex            ##....       6%          1    N/A
 Lee's Rapid Deconstruct  Erth           ##........   85%         5    N/A
 Sandblast                Erth           ##....       6%          1    N/A
 Petrify                  Tmut/Erth      ##......     50%         4    N/A
 Dazzling Spray           Conj/Hex       ####..       2%          3    N/A
 Force Lance              Conj/Tloc      ####....     8%          4    N/A
 Searing Ray              Conj           ######       1%          2    N/A

Dungeon Overview and Level Annotations

Branches:
Dungeon (10/15)            Temple (0/1) D:7            Lair (5/6) D:8
  Swamp (0/4) Lair:3        Snake (0/4) Lair:3        Slime (0/5) Lair:5
    Orc (2/2) D:9
    Elf: Orc:2

Altars:
Gozag
Nemelex Xobeh
Okawaru
Sif Muna
Trog
Uskayaw

Shops:
D:9 [   Lair:2 [   Lair:3 *

Annotations:
D:3 Grinder
D:10 Sonja, Urug


Innate Abilities, Weirdness & Mutations

You do not eat or drink.
Your flesh is vulnerable to fire.
You are immune to poison.
Your flesh is cold resistant. (rC+)
You are immune to negative energy. (rN+++)
You are immune to unholy pain and torment.
You can survive without breathing.
You are in touch with the powers of death.


Message History

An orc warrior comes into view. It is wielding a dire flail.
The orc priest miscasts a cantrip.
The orc warrior hits you from afar with a halberd!!
The orc wizard casts a spell.
The orc wizard blinks!
The orc hits you but does no damage.
The orc warrior hits you from afar with a halberd.
The orc hits you but does no damage.
You can move again.
Unknown command.
You hear a blaring wail to the east.
The orc wizard mumbles some strange words.
The orc wizard seems to speed up.
You block the orc warrior's attack.
The orc sorcerer hits you but does no damage.
The orc sorcerer mumbles some strange words.
The orc priest invokes the aid of Beogh against you.
Beogh smites you! The ettin hits you with a dire flail!!
The ettin hits you with a dire flail!!!
You die...
Your body crumbles into a pile of gold.

............
...........# .
...........##..
..$............
...............
...............
........o....o.
.......@C..o3.#
.......oooo..$.
$
......$oooo....
..###.#..oo....
. ...........
##<##.#...## #
###.## ##


You could see an orc knight, an ettin, a neqoxec, 2 orc sorcerers, 3 orc
warriors, an orc priest, 2 orc wizards and 4 orcs.

Vanquished Creatures
  3 hydras
  Erica (Lair:1)
  9 death yaks
  A two-headed ogre (D:8)
  A fire crab (Lair:5)
  A lindwurm (Lair:5)
  10 elephants
  3 black mambas (Lair:5)
  7 spiny frogs
  A gargoyle (D:9)
  A rime drake (Lair:2)
  3 komodo dragons
  2 polar bears
  3 hornets
  A queen bee (Lair:3)
  2 tyrant leeches (Lair:3)
  4 hippogriffs
  3 blink frogs (Lair:3)
  34 yaks
  2 hungry ghosts
  A steam dragon (Lair:2)
  2 basilisks
  3 nagas (Lair:3)
  2 soldier ants (D:8)
  7 water moccasins
  12 porcupines
  2 orc warriors
  A sky beast (D:5)
  A black bear (D:3)
  A necrophage (D:6)
  7 ice beasts
  2 ogres
  13 wolves
  3 centaurs
  10 crocodiles
  3 elf zombies (Ossuary)
  3 big kobolds (Sewer)
  9 bullfrogs
  A gnoll sergeant (D:6)
  A scorpion (D:8)
  23 killer bees
  10 wights
  A howler monkey (D:6)
  3 crimson imps
  3 centaur zombies (Ossuary)
  6 hounds
  A quasit (D:9)
  A human zombie (Ossuary)
  2 orc priests (D:8)
  4 jellies
  A centaur skeleton (D:5)
  8 orc wizards
  Natasha (twice) (D:3)
  Terence (D:2)
  An iguana (D:5)
  9 worker ants
  3 mummies (Ossuary)
  A worker ant zombie (D:9)
  12 adders
  3 gnolls (D:3)
  7 river rats (Sewer)
  2 shadow imps
  12 white imps (Lair:2)
  2 oozes
  4 adder zombies (Ossuary)
  An adder skeleton (D:7)
  5 dart slugs
  6 leopard geckos
  14 orcs
  6 ball pythons (Sewer)
  4 giant cockroaches
  A gnoll zombie (Ossuary)
  5 goblins
  6 hobgoblins
  10 jackals
  3 quokkas
  3 bats
  7 frilled lizards
  7 goblin zombies (Ossuary)
  2 hobgoblin zombies (Ossuary)
  15 kobolds
  4 kobold zombies (Ossuary)
  A leopard gecko skeleton (D:6)
  An orc zombie (Ossuary)
  3 quokka zombies (Ossuary)
  21 rats
  A rat zombie (Ossuary)
  2 plants (Lair:4)
426 creatures vanquished.

Vanquished Creatures (others)
  A wizard (D:8)
  A bush (Lair:3)
  2 fulminant prisms (Lair:5)
  24 fungi
  9 plants
37 creatures vanquished.

Grand Total: 463 creatures vanquished

Notes
Turn   | Place    | Note
-------+----------+-------------------------------------------
     0 | D:1      | inc the Mummy Fire Elementalist began the quest for the Orb.
     0 | D:1      | Reached XP level 1. HP: 13/13 MP: 4/4
    27 | D:1      | Reached skill level 1 in Conjurations
   408 | D:1      | Reached XP level 2. HP: 19/19 MP: 3/5
  1034 | D:1      | Reached XP level 3. HP: 24/24 MP: 1/7
  1760 | D:2      | Noticed Terence
  2082 | D:3      | Reached XP level 4. HP: 26/30 MP: 1/8
  2182 | D:3      | Learned a level 4 spell: Sticky Flame
  2198 | D:3      | Noticed Grinder
  2716 | D:2      | Killed Terence
  2716 | D:2      | Reached XP level 5. HP: 21/35 MP: 0/10
  2928 | D:3      | Noticed a black bear
  2988 | D:2      | Learned a level 3 spell: Conjure Flame
  3009 | D:3      | Noticed Natasha
  3016 | D:3      | Killed Natasha
  3514 | D:3      | Noticed Natasha
  3522 | D:3      | Killed Natasha
  3700 | D:3      | Killed a black bear
  3700 | D:3      | Reached XP level 6. HP: 40/41 MP: 6/12
  4287 | D:4      | Found a glowing drain.
  4320 | Sewer    | Entered a sewer
  4489 | Sewer    | Reached skill level 5 in Spellcasting
  4741 | Sewer    | Reached XP level 7. HP: 46/46 MP: 7/15
  5585 | D:5      | Entered Level 5 of the Dungeon
  5761 | D:5      | Found a sand-covered staircase.
  5765 | Ossuary  | Entered an ossuary
  6820 | Ossuary  | Reached XP level 8. HP: 52/52 MP: 8/18
  6919 | Ossuary  | Reached skill level 5 in Fire Magic
  7056 | D:5      | Reached skill level 5 in Conjurations
  7452 | D:5      | Reached skill level 1 in Fighting
  7564 | D:5      | Reached skill level 2 in Fighting
  7857 | D:5      | Reached skill level 3 in Fighting
  8174 | D:6      | Reached skill level 4 in Fighting
  8297 | D:6      | Reached skill level 5 in Fighting
  8584 | D:6      | Found a deep blue altar of Sif Muna.
  8584 | D:6      | Found an iron altar of Okawaru.
  8841 | D:6      | Reached XP level 9. HP: 64/69 MP: 13/19
  8855 | D:6      | Reached skill level 6 in Fighting
  9138 | D:7      | Found a sparkling altar of Nemelex Xobeh.
  9143 | D:7      | Found a staircase to the Ecumenical Temple.
  9412 | D:7      | Reached skill level 7 in Fighting
  9484 | D:7      | Found a hide-covered altar of Uskayaw.
  9487 | D:7      | Noticed a hand axe
  9487 | D:7      | Noticed a hand axe
  9495 | D:7      | Found an opulent altar of Gozag.
  9603 | D:7      | Became a worshipper of Gozag Ym Sagoz the Greedy
  9848 | D:8      | Noticed a red ugly thing
  9911 | D:8      | Reached skill level 8 in Fighting
 10031 | D:8      | Noticed a two-headed ogre
 10093 | D:8      | Killed a two-headed ogre
 10093 | D:8      | Reached skill level 9 in Fighting
 10695 | D:8      | Reached skill level 10 in Fighting
 10900 | D:9      | Found Hubyxiuh's Armour Boutique.
 10908 | D:9      | Bought a +2 pair of boots for 231 gold pieces
 10993 | D:8      | Reached XP level 10. HP: 17/85 MP: 0/20
 11370 | D:9      | Noticed a gargoyle
 11790 | D:9      | Killed a gargoyle
 11790 | D:9      | Reached skill level 5 in Dodging
 12052 | D:9      | Found a staircase to the Orcish Mines.
 12272 | D:9      | Learned a level 3 spell: Inner Flame
 12363 | D:10     | Entered Level 10 of the Dungeon
 12363 | D:10     | Noticed Urug
 12363 | D:10     | Noticed Sonja
 13089 | D:8      | Found a bloodstained altar of Trog.
 13090 | D:8      | Noticed a wizard
 13096 | D:8      | Killed a wizard
 13387 | D:8      | Found a staircase to the Lair.
 13526 | Lair:1   | Entered Level 1 of the Lair of Beasts
 13768 | Lair:1   | Noticed a six-headed hydra
 13772 | Lair:1   | Learned a level 2 spell: Passwall
 13801 | Lair:1   | Killed a six-headed hydra
 13801 | Lair:1   | Reached XP level 11. HP: 80/90 MP: 12/21
 14445 | Lair:1   | Noticed Erica
 14461 | Lair:1   | Killed Erica
 14804 | Lair:2   | Bought a pair of embroidered gloves for 172 gold pieces
 14847 | Lair:2   | Found a frozen archway.
 15140 | Lair:1   | Learned a level 5 spell: Fireball
 15245 | IceCv    | Entered an ice cave
 15245 | IceCv    | Noticed a white ugly thing
 15561 | Lair:2   | Upgraded the game from 0.22-a0-833-g8522bf8 to 0.22-a0-848-ge9e22a0
 15579 | Lair:2   | Noticed a death yak
 15656 | Lair:2   | Killed a death yak
 15787 | Lair:2   | Noticed a death yak
 15789 | Lair:2   | Noticed a death yak
 15969 | Lair:2   | Killed a death yak
 16063 | Lair:2   | Noticed a death yak
 16064 | Lair:2   | Noticed a death yak
 16064 | Lair:2   | Noticed a death yak
 16081 | Lair:2   | Killed a death yak
 16174 | Lair:1   | Killed a death yak
 16386 | Lair:2   | Killed a death yak
 16548 | Lair:2   | Killed a death yak
 16557 | Lair:2   | Reached XP level 12. HP: 60/97 MP: 5/25
 17399 | Lair:2   | Reached skill level 1 in Shields
 17571 | Lair:2   | Got a fine granite ring
 17572 | Lair:2   | Identified the ring of Ekeetum {Fire Int+4} (You found it on level 2 of the Lair of Beasts)
 19996 | Lair:3   | Paralysed by a naga for 5 turns
 20107 | Lair:3   | Bought a scroll of teleportation for 45 gold pieces
 20121 | Lair:3   | Found a staircase to the Snake Pit.
 20622 | Lair:3   | Upgraded the game from 0.22-a0-848-ge9e22a0 to 0.22-a0-858-g985ef60
 20952 | Lair:3   | Found a staircase to the Swamp.
 21144 | Lair:4   | Gained mutation: You are in touch with the powers of death. [Mummy growth]
 21144 | Lair:4   | Reached XP level 13. HP: 98/103 MP: 13/26
 23103 | Lair:4   | Learned a level 4 spell: Iskenderun's Mystic Blast
 23182 | Lair:5   | Found a runed door.
 24260 | Lair:5   | Found a staircase to the Slime Pits.
 24936 | Lair:5   | Learned a level 4 spell: Fulminant Prism
 24950 | Lair:5   | Noticed an entropy weaver
 25546 | Orc:1    | Entered Level 1 of the Orcish Mines
 25621 | Orc:2    | Entered Level 2 of the Orcish Mines
 25621 | Orc:2    | Noticed an ettin
 25622 | Orc:2    | Paralysed by an orc sorcerer for 6 turns
 25628 | Orc:2    | Mangled by an ettin

Vault maps used:
D:1:      minmay_arrival_doors, hex_tiny
D:2:      first_ration, uniq_terence
D:3:      uniq_natasha, uniq_grinder
D:4:      gup_sewer_entry_glass
D:5:      lightli_ossuary_entry_decrepit_ruins, minivault_5
D:6:      minmay_diamond_boxcup, amethyst_overflow_temple_binary,
          serial_bayou_ford_a, grunt_decor_one_mirror
D:7:      kennysheep_mini_moat, dancing_weapons_uskayaw,
          minmay_temple_entry_overgrown, basic_altar
D:8:      david_lair_shrubbed, hangedman_pestilent_swarm, trog_wizard
D:9:      kennysheep_six_static_rooms, orc_0_dummy, serial_shops, shop,
          st_stairs_10
D:10:     serial_shops, shop_statue, corexii_leaking_fountain, uniq_urug,
          uniq_sonja, uniq_grum, uniq_harold
Lair:1:   patterned_corridor, uniq_erica
Lair:2:   portal_ice_cave_entry_imps, grunt_megastairs_1
Lair:3:   minmay_swamp_entry_worms, minmay_snake_entry_guardpost_small,
          special_room, beast_lair_carwin_6
Lair:4:   cheibrodos_lair_caveside_slide, minivault_26
Lair:5:   gammafunk_mikee_crab_dinner, dpeg_slime_entry_corner,
          grunt_megastairs_4
Orc:1:    mines1_david, uniq_nergalle
Orc:2:    grunt_orc_cross, ebering_ghost_gozag
Sewer:    sewer_minmay_treatment
Ossuary:  minmay_ossuary_two_tombs
IceCv:    ice_cave_statue_garden_transporter

Skill      XL: |  1  2  3  4  5  6  7  8  9 10 11 12 13 |
---------------+----------------------------------------+-----
Conjurations   | 1 2 3 4 5 6 8 9 |  9.9
Spellcasting   | 3 4 5 6 7 9 |  9.7
Fire Magic     | 3 4 5 6 8 9 |  9.9
Fighting       | 5 10 | 10.0
Dodging        | 2 8 9 |  9.1
Shields        | 4 |  4.1
Stealth        | |  1.5

Action                   |  1- 3 |  4- 6 |  7- 9 | 10-12 | 13-15 || total
-------------------------+-------+-------+-------+-------+-------++-------
Melee: Unarmed           |    10 |       |       |       |       ||    10
       Short sword       |    20 |     5 |    95 |    11 |       ||   131
       Scimitar          |       |       |       |    33 |    45 ||    78
 Cast: Flame Tongue      |    66 |   108 |   393 |   452 |    93 ||  1112
       Conjure Flame     |       |     1 |    10 |    17 |     5 ||    33
       Sticky Flame      |       |       |    14 |   100 |    23 ||   137
       Inner Flame       |       |       |       |     8 |     1 ||     9
       Iskenderun's Myst |       |       |       |       |    13 ||    13
       Fireball          |       |       |       |       |    10 ||    10
       Fulminant Prism   |       |       |       |       |     2 ||     2
Invok: Call Merchant     |       |       |       |     2 |       ||     2
       Potion Petition   |       |       |       |     1 |       ||     1
  Use: Scroll            |       |     4 |    13 |     4 |     6 ||    27
Armor: Robe              |    23 |    17 |    78 |   107 |    37 ||   262
Dodge: Dodged            |    52 |    39 |   183 |   387 |    78 ||   739
Block: Buckler           |       |       |       |    62 |    44 ||   106
       Rpst.: Scimitar   |       |       |       |    71 |    11 ||    82

Table legend:
 A = Spawn XP
 B = Non-spawn XP
 C = Spawn XP percentage of total XP
 D = Spawn monster count
 E = Non-spawn monster count
 F = Spawn count percentage of total count
 G = Total turns spent on level
                    A         B        C        D         E        F      G
               +---------+---------+-------+---------+---------+-------+---------
         Total |       0 |   51343 |   0.0 |       0 |     424 |   0.0 | 25628
               +---------+---------+-------+---------+---------+-------+---------
           D:1 |       0 |      44 |   0.0 |       0 |      22 |   0.0 |  1402
           D:2 |       0 |      67 |   0.0 |       0 |       9 |   0.0 |  1022
           D:3 |       0 |     316 |   0.0 |       0 |      24 |   0.0 |  1350
           D:4 |       0 |      92 |   0.0 |       0 |       7 |   0.0 |   711
           D:5 |       0 |     644 |   0.0 |       0 |      14 |   0.0 |  1378
           D:6 |       0 |     982 |   0.0 |       0 |      26 |   0.0 |  1124
           D:7 |       0 |     487 |   0.0 |       0 |      11 |   0.0 |   720
           D:8 |       0 |    3782 |   0.0 |       0 |      40 |   0.0 |  2200
           D:9 |       0 |    2521 |   0.0 |       0 |      21 |   0.0 |  1228
        Lair:1 |       0 |    4056 |   0.0 |       0 |      11 |   0.0 |  2160
        Lair:2 |       0 |   12746 |   0.0 |       0 |      56 |   0.0 |  2911
        Lair:3 |       0 |    9930 |   0.0 |       0 |      54 |   0.0 |  2010
        Lair:4 |       0 |    5542 |   0.0 |       0 |      27 |   0.0 |  2611
        Lair:5 |       0 |    8988 |   0.0 |       0 |      20 |   0.0 |  2245
         Sewer |       0 |     437 |   0.0 |       0 |      48 |   0.0 |  1217
       Ossuary |       0 |     577 |   0.0 |       0 |      33 |   0.0 |  1247
         IceCv |       0 |     132 |   0.0 |       0 |       1 |   0.0 |     8
               +---------+---------+-------+---------+---------+-------+---------
